 Dungeon Crawl Stone Soup version 0.23.2-11-gf996548c65 (webtiles) character file.

Game seed: 15294734821086673220

136 wubbar the Ruffian (level 4, -1/42 HPs)
             Began as a Troll Warper on June 6, 2019.
             Slain by a gnoll
             ... wielding a +0 halberd
              (8 damage)
             ... on level 3 of the Dungeon.
             The game lasted 00:03:29 (1288 turns).

wubbar the Ruffian (Troll Warper)                   Turns: 1288, Time: 00:03:30

Health: -1/42      AC:  6    Str: 25    XL:     4   Next: 98%
Magic:  5/5        EV: 10    Int:  9    God:
Gold:   160        SH:  4    Dex:  9    Spells: 2/6 levels left

rFire    . . .     SeeInvis .     - Unarmed
rCold    . . .     Gourm    +   (no shield)
rNeg     . . .     Faith    .   a - +0 robe
rPois    .         Spirit   .   (helmet restricted)
rElec    .         Reflect  +   (no cloak)
rCorr    .         Harm     .   (gloves unavailable)
MR       .....                  (boots unavailable)
Stlth    +.........             p - +4 amulet of reflection
HPRegen  0.54/turn              (no ring)
MPRegen  0.09/turn              (no ring)

@: mighty, very slightly contaminated, invisible
A: large, unfitting armour, claws 3, fast metabolism 3, gourmand, regeneration
1, shaggy fur 1, tough skin 3
a: no special abilities


You were on level 3 of the Dungeon.
You were completely stuffed.

You visited 1 branch of the dungeon, and saw 3 of its levels.

You collected 160 gold pieces.

Inventory:

Missiles
 d - 5 tomahawks of dispersal
 r - 7 tomahawks (quivered)
 t - a throwing net
Armour
 a - a +0 robe (worn)
Jewellery
 p - a +4 amulet of reflection (around neck)
Scrolls
 b - a scroll of noise {unknown}
 c - a scroll of blinking
 e - 2 scrolls of teleportation {unknown}
 h - a scroll of fog {unknown}
 k - 2 scrolls of identify {unknown}
 l - 4 scrolls of remove curse {unknown}
 q - a scroll of amnesia {unknown}
 u - a scroll of enchant armour {unknown}
Potions
 g - a potion of invisibility
 m - a potion of ambrosia {unknown}
 n - a potion of cancellation {unknown}
 o - a potion of heal wounds {unknown}
 s - a potion of flight {unknown}
Comestibles
 f - 8 rations


   Skills:
 + Level 1.8 Fighting
 + Level 1.2 Throwing
 - Level 2.2 Dodging
 + Level 3.8 Unarmed Combat
 + Level 1.9 Spellcasting
 * Level 0.1 Charms
 + Level 2.4 Translocations


You had 2 spell levels left.
You knew the following spells:

 Your Spells              Type           Power        Failure   Level  Hunger
a - Blink                 Tloc           N/A          19%         2    ###....
b - Shroud of Golubria    Chrm/Tloc      #.........   30%         2    ###....

Your spell library contained the following spells:

 Spells                   Type           Power        Failure   Level  Hunger
 Gell's Gravitas          Tloc           #.........   36%         3    ####...
 Lesser Beckoning         Tloc           #.........   36%         3    ####...
 Teleport Other           Tloc           #.......     36%         3    ####...
 Passage of Golubria      Tloc           N/A          77%         4    #####..


Dungeon Overview and Level Annotations

Branches:
Dungeon (3/15)

Altars:
Makhleb

Annotations:
D:1 exclusion: downstairs
D:3 3 runed translucent doors


Innate Abilities, Weirdness & Mutations

You are too large for most types of armour.
You have claws for hands.
Your metabolism is lightning-fast.
You like to eat raw meat.
Your natural rate of healing is unusually fast.
You are covered in fur. (AC +1)
You have extremely tough skin. (AC +3)


Message History

The gnoll barely misses you. The orc priest misses you.
It was a potion of invisibility.
You fade into invisibility!
The gnoll hits you with a +0 flail.
* * * LOW HITPOINT WARNING * * *
The orc priest closely misses you. The gnoll barely misses you.
You are very lightly contaminated with residual magic.
All of the chunks of flesh in your inventory have rotted away.
You claw the orc priest!
The orc priest is severely wounded.
The orc priest hits you but does no damage.
The gnoll barely misses you.
The gnoll hits you from afar with a +0 halberd.
* * * LOW HITPOINT WARNING * * *
It was a potion of might.
You feel very mighty all of a sudden. You block the orc priest's attack.
The gnoll closely misses you.
It was a potion of curing.
You feel better.
The gnoll hits you from afar with a +0 halberd!
You die...

...# ######### . ...#
#.......# ...
...#######.......####g....
.................g.o'g....
...####......).og####.....
...## #........)@# ...
....###..........# .
...................
....###..........##. ....#
#..........# . ....#
#..........# ....#
#..........# ....#
#..........# #####
#####.###


You could see an orc priest and 2 gnolls.

Vanquished Creatures
  A hound (D:2)
  4 gnolls
  An adder (D:2)
  2 worms
  2 dart slugs
  2 leopard geckos
  2 orcs (D:3)
  2 ball pythons
  2 giant cockroaches
  2 goblins (D:2)
  6 hobgoblins
  4 jackals
  4 kobolds
  A bat (D:1)
  4 frilled lizards (D:2)
  7 rats
46 creatures vanquished.

Vanquished Creatures (others)
  A goblin (D:3)
1 creature vanquished.

Grand Total: 47 creatures vanquished

Notes
Turn   | Place    | Note
-------+----------+-------------------------------------------
     0 | D:1      | wubbar the Troll Warper began the quest for the Orb.
     0 | D:1      | Reached XP level 1. HP: 19/19 MP: 1/1
   554 | D:2      | Reached skill level 1 in Throwing
   554 | D:2      | Reached XP level 2. HP: 15/27 MP: 3/3
   666 | D:2      | Learned a level 2 spell: Blink
   722 | D:1      | Reached XP level 3. HP: 29/35 MP: 4/4
   898 | D:2      | Learned a level 2 spell: Shroud of Golubria
   928 | D:2      | Reached skill level 3 in Unarmed Combat
   928 | D:2      | Reached XP level 4. HP: 42/42 MP: 5/5
   953 | D:2      | Found a burning altar of Makhleb.
  1070 | D:3      | Found a runed translucent gate.
  1070 | D:3      | Found a runed translucent gate.
  1070 | D:3      | Found a runed translucent gate.
  1286 | D:3      | HP: 1/42 [gnoll/+0 halberd (3)]
  1288 | D:3      | Slain by a gnoll

Skill      XL: |  1  2  3 |
---------------+----------+-----
Dodging        | 2 |  2.2
Throwing       | 1 |  1.2
Unarmed Combat | 3 |  3.8
Fighting       | |  1.8
Spellcasting   | |  1.9
Charms         | |  0.1
Translocations | |  2.4

Action                   |  1- 3 |  4- 6 || total
-------------------------+-------+-------++-------
Melee: Unarmed           |    80 |    53 ||   133
       Punch             |       |     2 ||     2
Throw: Tomahawk          |     1 |       ||     1
  Use: Potion            |       |     3 ||     3
 Stab: Sleeping          |       |     1 ||     1
  Eat: Chunk             |    13 |     4 ||    17
Armor: Robe              |    25 |    14 ||    39
Dodge: Dodged            |    31 |    25 ||    56
Block: Other             |    11 |     7 ||    18
       Reflection        |       |     2 ||     2
